 Dungeon Crawl Stone Soup version 0.30-a0-568-g124715a40b (webtiles) character file.

Game seed: 303340213961716606

114 PyroL the Chiller (level 4, -4/33 HPs)
             Began as a Draconian Ice Elementalist on Dec 29, 2022.
             Was an Initiate of Vehumet.
             Succumbed to Robin's poison
             ... on level 3 of the Dungeon.
             The game lasted 00:03:39 (2320 turns).

PyroL the Chiller (Draconian Ice Elementalist)      Turns: 2320, Time: 00:03:39

Health: -4/33      AC:  5    Str: 10    XL:     4   Next: 66%
Magic:  3/9        EV: 12    Int: 17    God:    Vehumet [......]
Gold:   83         SH:  0    Dex: 12    Spells: 3/10 levels left

rFire   . . .      SeeInvis .    g - +0 hand axe
rCold   + . .      Faith    .    (no shield)
rNeg    . . .      Spirit   .    (body armour unavailable)
rPois   .          Reflect  .    (helmet restricted)
rElec   .          Harm     .    (no cloak)
rCorr   +          Rampage  .    (no gloves)
Will    .....                    (no boots)
Stlth   ++                       (no amulet)
HPRegen 0.25/turn                e - ring of resist corrosion
MPRegen 0.11/turn                i - ring of protection from cold

@: mighty, lethally poisoned (-4 -> -31)
A: AC +5, unfitting armour, cold-blooded
a: Renounce Religion


You were on level 3 of the Dungeon.
You worshipped Vehumet.
Vehumet was noncommittal.
You visited 1 branch of the dungeon, and saw 3 of its levels.

You collected 83 gold pieces.

Inventory:

Hand Weapons
 g - a +0 hand axe (weapon)
Jewellery
 e - a ring of resist corrosion (left hand)
 i - a ring of protection from cold (right hand)
 l - a +6 ring of dexterity
Wands
 n - a wand of digging (5)
 s - a wand of roots (9)
Scrolls
 h - a scroll of acquirement {unknown}
 o - 2 scrolls of identify {unknown}
 q - a scroll of blinking {unknown}
Potions
 a - 2 potions of magic
 b - a potion of resistance {unknown}
 c - a potion of mutation {unknown}
 d - a potion of degeneration {unknown}
 f - a potion of brilliance {unknown}
 j - a potion of attraction {unknown}
 k - a potion of curing {unknown}
 m - a potion of lignification {unknown}
 p - a potion of might
 r - a potion of flight {unknown}


   Skills:
 - Level 1.7 Dodging
 - Level 1.7 Stealth
 + Level 3.7 Spellcasting
 - Level 5.0 Ice Magic


You had 3 spell levels left.
You knew the following spells:

 Your Spells              Type           Power      Damage    Failure   Level
a - Freeze                Ice            80%        1d9       1%          1
b - Ozocubu's Armour      Ice            20%        N/A       6%          3
c - Frozen Ramparts       Ice            40%        1d7       6%          3

Your spell library contained the following spells:

 Spells                   Type           Power      Damage    Failure   Level
 Summon Ice Beast         Ice/Summ       11%        N/A       50%         4
 Animate Dead             Necr           3%         N/A       85%         4
 Haunt                    Necr/Summ      1%         N/A       100%        7
 Infestation              Necr           1%         N/A       100%        8


Dungeon Overview and Level Annotations

Branches:
Dungeon (3/15)

Altars:
Elyvilon
Fedhas
Hepliaklqana
Qazlal
Ru
Vehumet

Annotations:
D:3 Robin


Innate Abilities, Weirdness & Mutations

Your plain brown scales are hard. (AC +5)
You cannot fit into any form of body armour.
You are cold-blooded and may be slowed by cold attacks.


Message History

Press: ? - help, Dir - look around, f - activate The walls around you are covered in ice.
You feel very sick.
The wall freezes Robin.
Robin hits you from afar with a +2 spear of venom.
* * * LOW HITPOINT WARNING * * *
You are lethally poisoned!
The wall freezes the goblin.
You kill the goblin!
Vehumet accepts your kill.
The wall freezes the goblin.
The wall freezes the goblin!
You kill the goblin!
Vehumet accepts your kill.
A goblin comes into view. It is wielding a +0 dagger.
Casting: Frozen Ramparts (dangerous; 6% risk of failure)
Confirm with . or Enter, or press ? or * to list all spells.
A film of ice covers your body!
* * * LOW HITPOINT WARNING * * *
You feel very sick.
The wall freezes Robin but does no damage.
Robin hits you but does no damage.
You are more poisoned.
The wall freezes the goblin.
You kill the goblin!
Vehumet accepts your kill.
The wall freezes the goblin!
You kill the goblin!
Vehumet accepts your kill.
It was a potion of might.
You feel very mighty all of a sudden.
* * * LOW HITPOINT WARNING * * *
You feel very sick.
The wall freezes Robin but does no damage.
Robin hits you from afar with a +2 spear of venom.
* * * LOW HITPOINT WARNING * * *
You are more poisoned.
Your icy armour and frozen ramparts will break if you move.
Continue?
Your icy armour cracks and falls away as you move.
The frozen ramparts melt away as you move.
You die...

#..#. #.###
##.#. ##.#
#..# ########
#.## #
#......# #.#
#)####.####.#
#.# #)g@.)(#
#.#####.#
########
#.......#
#########


You could see Robin.

Vanquished Creatures
  Jessica (D:3)
  2 adders (D:2)
  A worm (D:2)
  A dart slug (D:1)
  An orc (D:2)
  6 bats
  4 endoplasms
  2 giant cockroaches
  10 hobgoblins
  7 kobolds
  4 quokkas
  2 ball pythons (D:1)
  6 frilled lizards
  10 goblins
  2 rats
59 creatures vanquished.

Vanquished Creatures (others)
  12 fungi (D:2)
12 creatures vanquished.

Grand Total: 71 creatures vanquished

Notes
Turn   | Place    | Note
-------+----------+-------------------------------------------
     0 | D:1      | PyroL the Draconian Ice Elementalist began the quest for
                  | the Orb.
     0 | D:1      | Reached XP level 1. HP: 14/14 MP: 3/3
   141 | D:1      | Reached XP level 2. HP: 18/20 MP: 0/5
  1082 | D:2      | Reached XP level 3. HP: 26/26 MP: 4/7
  1086 | D:2      | Learned a level 3 spell: Ozocubu's Armour
  1090 | D:2      | Learned a level 3 spell: Frozen Ramparts
  1209 | D:2      | Found a sacrificial altar of Ru.
  1526 | D:2      | Reached XP level 4. HP: 33/33 MP: 8/8
  1821 | D:2      | Identified the +0 plate armour of Koacajoa {rPois Str+4
                  | Dex+3}
  1960 | D:3      | Noticed Jessica
  1965 | D:3      | Killed Jessica
  1966 | D:3      | Reached skill level 5 in Ice Magic
  2194 | D:3      | Found a blossoming altar of Fedhas.
  2194 | D:3      | Found a hazy altar of Hepliaklqana.
  2203 | D:3      | Found a stormy altar of Qazlal.
  2205 | D:3      | Found a white marble altar of Elyvilon.
  2207 | D:3      | Found a radiant altar of Vehumet.
  2213 | D:3      | Became a worshipper of Vehumet
  2308 | D:3      | Identified the +0 helmet of the Divine Elephant {Int+3}
  2308 | D:3      | Noticed Robin
  2320 | D:3      | Succumbed to Robin's poison

Illustrated notes

Levels and vault maps discovered:
D:1:      scummos_arrival_star, layout_basic, roderic_filled_cross,
          kennysheep_crisscross
D:2:      layout_basic, basic_altar, dreamdust_mushroom_princess,
          kennysheep_generic_room_7
D:3:      layout_loops_cross, chequers_temple_overflow_minitemple, uniq_robin,
          uniq_jessica

Skill      XL: |  1  2  3  4 |
---------------+-------------+-----
Spellcasting   | 3 |  3.7
Ice Magic      | 5 |  5.0
Dodging        | |  1.7
Stealth        | |  1.7

Action                   |  1- 3 |  4- 6 || total
-------------------------+-------+-------++-------
Melee: Unarmed           |    25 |       ||    25
       Tailslap          |     3 |     2 ||     5
       Hand axe          |    50 |    39 ||    89
       Punch             |     1 |     1 ||     2
 Cast: Freeze            |    53 |     6 ||    59
       Ozocubu's Armour  |     1 |     1 ||     2
       Frozen Ramparts   |       |     1 ||     1
  Use: Potion            |       |     1 ||     1
 Stab: Sleeping          |     2 |     2 ||     4
Armor: Skin              |    42 |    11 ||    53
Dodge: Dodged            |    85 |    28 ||   113

Table legend: (Time is in decaauts)
 A = Elapsed time spent in this place.
 B = Non-inter-level travel time spent in this place.
 C = Inter-level travel time spent in this place.
 D = Time resting spent in this place.
 E = Time spent auto-exploring this place.
 F = Levels seen in this place.
 G = Mean time per level.
                   A        B        C        D        E       F      G
               +--------+--------+--------+--------+--------+-----+--------+
         Total |   2345 |   2298 |     47 |      0 |   1847 |   3 |  781.7 |
       Dungeon |   2345 |   2298 |     47 |      0 |   1847 |   3 |  781.7 |
               +--------+--------+--------+--------+--------+-----+--------+

Top non-repeatable levels by time:
     D:1: 1078 daAuts
     D:2: 840 daAuts
     D:3: 426 daAuts
